WASHINGTON vs TAMPA BAY

Created - March-11-21 at 14:03

Goals
1 2 3 T
WASHINGTON 3 1 2 6
TAMPA BAY 1 1 0 2
Shots
1 2 3 T
WASHINGTON 15 13 9 37
TAMPA BAY 9 7 7 23

1st period

1. WASHINGTON , Casey Cizikas 8 (Dylan DeMelo 10) at 0:51
2. TAMPA BAY , Elias Lindholm 11 (Sebastian Aho 24) at 4:05 (SH)
3. WASHINGTON , Damon Severson 8 (Victor Hedman 20, Clayton Keller 9) at 4:21 (PP)
4. WASHINGTON , Ryan Getzlaf 12 (Brendan Gallagher 7, Victor Hedman 21) at 6:27

Penalties :
MacKenzie Weegar (TB ) for Hooking (Minor) at 2:43

2nd period

5. WASHINGTON , Brayden Schenn 7 (Ryan O'Reilly 18, Blake Wheeler 14) at 18:48
6. TAMPA BAY , Mathew Barzal 13 (Sebastian Aho 25) at 19:22

Penalties :
MacKenzie Weegar (TB ) for Fighting (Major) at 1:39, Casey Cizikas (WSH) for Fighting (Major) at 1:39, Josh Brown (TB ) for Fighting (Major) at 1:39, Dylan DeMelo (WSH) for Fighting (Major) at 1:39, Filip Forsberg (TB ) for Roughing (Minor) at 1:39, Kevin Labanc (WSH) for Slashing (Minor) at 1:39, Viktor Arvidsson (TB ) for Hooking (Minor) at 1:39, Jake Virtanen (TB ) for Holding (Minor) at 13:53

3rd period

7. WASHINGTON , Cal Clutterbuck 4 (Luke Glendening 5, Radko Gudas 9) at 5:44
8. WASHINGTON , Brendan Gallagher 10 (Damon Severson 21, Radko Gudas 10) at 7:17

Penalties :
Victor Mete (WSH) for Unsportsmanlike conduct (Minor) at 9:12

Goalie Stats

Carter Hart (WSH), 21 saves from 23 shots - (0.913), W, 12-4-4, 60:00 minutes
Pavel Francouz (TB ), 31 saves from 37 shots - (0.838), L, 10-7-4, 60:00 minutes

Players Stats for WASHINGTON

Player Name              G  A  P  +/- PIM S  H  SB GA TA FO     MP     PP MP  PK MP  
------------------------------------------------------------------------------------
Blake Wheeler            0  1  1   1  0   5  3  0  0  0  0/1    20:33   1:43   0:00 
Brayden Schenn           1  0  1   1  0   3  3  0  0  0  2/3    20:46   1:43   0:00 
Brendan Gallagher        1  1  2   2  0   3  1  0  0  0  0/1    16:27   1:43   0:00 
Cal Clutterbuck          1  0  1   0  0   3  0  0  0  0  0/0    10:12   0:00   0:00 
Casey Cizikas            1  0  1   1  5   2  1  0  0  0  12/15   9:59   0:00   1:02 
Christian Fischer        0  0  0   0  0   1  1  0  0  0  0/1    10:44   0:00   0:00 
Clayton Keller           0  1  1   1  0   2  0  0  0  0  0/2    16:38   1:54   0:00 
Damon Severson           1  1  2   1  0   5  0  2  0  0  0/0    21:21   1:54   0:57 
Dylan DeMelo             0  1  1   2  5   0  4  0  0  0  0/0    16:15   0:00   0:00 
Kevin Labanc             0  0  0   0  2   2  0  0  0  0  0/0    11:59   1:54   0:00 
Luke Glendening          0  1  1   0  0   0  0  0  0  0  5/8    11:09   0:00   0:57 
Martin Frk               0  0  0   1  0   2  0  0  0  0  1/1    10:06   0:00   0:00 
Radko Gudas              0  2  2   2  0   1  3  2  0  0  0/0    20:43   0:46   0:57 
Ryan Getzlaf             1  0  1   1  0   2  1  0  0  0  13/23  17:35   1:54   0:57 
Ryan Graves              0  0  0   0  0   0  0  2  0  0  0/0    20:55   1:43   1:02 
Ryan O'Reilly            0  1  1   1  0   2  0  0  0  0  19/28  21:35   1:43   1:02 
Victor Hedman            0  2  2   0  0   1  1  0  0  0  0/0    26:10   1:08   1:02 
Victor Mete              0  0  0   1  2   3  0  2  0  0  0/0    12:51   0:00   0:00 

Players Stats for TAMPA BAY

Player Name              G  A  P  +/- PIM S  H  SB GA TA FO     MP     PP MP  PK MP  
------------------------------------------------------------------------------------
David Kampf              0  0  0  -1  0   0  0  0  0  0  1/5     5:47   0:00   0:00 
Elias Lindholm           1  0  1   0  0   3  1  2  0  0  14/30  24:07   1:00   2:58 
Filip Chytil             0  0  0  -1  0   4  0  0  0  0  10/22  18:23   0:59   0:00 
Filip Forsberg           0  0  0  -1  2   3  2  0  0  0  0/1    19:41   0:59   1:19 
Jake Virtanen            0  0  0  -2  2   2  4  0  0  0  0/0    14:43   0:00   0:00 
Jesper Bratt             0  0  0  -1  0   1  0  0  0  0  0/0     6:29   0:00   0:42 
John Klingberg           0  0  0  -3  0   0  1  2  0  0  0/0    25:21   0:59   3:04 
Josh Brown               0  0  0  -1  5   0  2  0  0  0  0/0    13:40   0:00   0:00 
MacKenzie Weegar         0  0  0  -1  7   0  3  0  0  0  0/0    13:39   0:00   0:00 
Mathew Barzal            1  0  1   0  0   3  0  0  0  0  1/2    16:49   1:00   1:19 
Rasmus Andersson         0  0  0   1  0   0  1  1  0  0  0/0    20:58   1:00   2:32 
Robby Fabbri             0  0  0  -2  0   1  0  0  0  0  1/1    14:44   0:00   0:00 
Sebastian Aho            0  2  2   1  0   3  2  0  0  0  1/3    18:07   1:00   2:37 
Sonny Milano             0  0  0   0  0   0  0  0  0  0  0/0     0:08   0:00   0:00 
Tyson Jost               0  0  0  -2  0   1  0  0  0  0  3/19   14:44   0:00   0:00 
Viktor Arvidsson         0  0  0  -1  2   2  0  0  0  0  0/0    18:40   0:59   0:18 
Vladislav Gavrikov       0  0  0   1  0   0  1  1  0  0  0/0    20:58   1:00   2:32 
Zach Werenski            0  0  0  -3  0   0  4  1  0  0  0/0    25:21   0:59   3:04 

3 Stars

1 - Brendan Gallagher (WSH)
2 - Radko Gudas (WSH)
3 - Damon Severson (WSH)

Power Play

WASHINGTON - 1 on 3 Attempt(s) - 33.33%
TAMPA BAY - 0 on 1 Attempt(s) - 0.00%

Penalty Kill

WASHINGTON - 1 on 1 Attempt(s) - 100.00% - Score 0 goal in Penalty Kill
TAMPA BAY - 2 on 3 Attempt(s) - 66.67% - Score 1 goal in Penalty Kill

Team Stat

WASHINGTON - Hits : 18 - Faceoff Wins : 52 - Blocked Shots : 8 - Penalty Minutes : 14
TAMPA BAY - Hits : 21 - Faceoff Wins : 31 - Blocked Shots : 7 - Penalty Minutes : 18

Official

Referees : Chris Rooney and Troy Paterson
Linesman : Jim Harper and Kelsey Mahoney

Game Notes

General Fight at 1:39 of 2nd period
MacKenzie Weegar and Casey Cizikas fight to a draw at 1:39 of 2nd period
Josh Brown and Dylan DeMelo fight to a draw at 1:39 of 2nd period

Finance

Level 1 -- Attendance: 4597 (76.62%) -- Ticket Income $459,700
Level 2 -- Attendance: 3731 (74.62%) -- Ticket Income $223,860
Level 3 -- Attendance: 1849 (92.45%) -- Ticket Income $64,715
Level 4 -- Attendance: 3878 (96.95%) -- Ticket Income $77,560
Luxury Box -- Attendance: 710 (71.00%) -- Ticket Income $142,000
Game was played at the Amalie Arena.
Total Attendance: 14765 (82.03%)
Total Ticket Income: $967,835
Total Income: $967,835

WASHINGTON

5 vs 5 Forward 
   Center                   Left Wing                Right Wing               Time % Phy DF OF 
 1 Ryan O'Reilly            Brayden Schenn           Blake Wheeler            40     0   2  3  
 2 Ryan Getzlaf             Clayton Keller           Brendan Gallagher        30     0   2  3  
 3 Casey Cizikas            Kevin Labanc             Martin Frk               15     0   2  3  
 4 Luke Glendening          Christian Fischer        Cal Clutterbuck          15     2   3  0  

5 vs 5 Defense 
   Defense                  Defense                                           Time % Phy DF OF 
 1 Victor Hedman            Ryan Graves                                       45     0   3  2  
 2 Damon Severson           Radko Gudas                                       40     0   3  2  
 3 Dylan DeMelo             Victor Mete                                       10     0   3  2  
 4 Victor Hedman            Dylan DeMelo                                      5      0   3  2  

PowerPlay Forward 
   Center                   Left Wing                Right Wing               Time % Phy DF OF 
 1 Ryan O'Reilly            Brayden Schenn           Blake Wheeler            65     0   0  5  
 2 Ryan Getzlaf             Clayton Keller           Kevin Labanc             35     0   0  5  

PowerPlay Defense
   Defense                  Defense                                           Time % Phy DF OF 
 1 Victor Hedman            Damon Severson                                    65     0   1  4  
 2 Ryan Graves              Brendan Gallagher                                 35     0   1  4  

Penalty Kill 4 Players Forward 
   Center                   Wing                     Time % Phy DF OF 
 1 Ryan O'Reilly            Casey Cizikas            50     0   5  0  
 2 Luke Glendening          Ryan Getzlaf             50     0   5  0  

Penalty Kill 4 Players Defense
   Defense                  Defense                  Time % Phy DF OF 
 1 Victor Hedman            Ryan Graves              50     0   5  0  
 2 Damon Severson           Radko Gudas              50     0   5  0  

Penalty Kill - 3 Players Forward 
   Forward                                           Time % Phy DF OF 
 1 Ryan O'Reilly                                     65     0   5  0  
 2 Luke Glendening                                   35     0   5  0  

Penalty Kill - 3 Players Defense
   Defense                  Defense                  Time % Phy DF OF 
 1 Victor Hedman            Ryan Graves              65     0   5  0  
 2 Damon Severson           Radko Gudas              35     0   5  0  

4 vs 4 Forward 
   Center                   Wing                     Time % Phy DF OF 
 1 Ryan O'Reilly            Blake Wheeler            65     0   2  3  
 2 Ryan Getzlaf             Brayden Schenn           35     0   2  3  

4 vs 4 Defense
   Defense                  Defense                  Time % Phy DF OF 
 1 Victor Hedman            Ryan Graves              65     0   3  2  
 2 Damon Severson           Radko Gudas              35     0   3  2  

Last Minutes Offensive
   Center                   Left Wing                Right Wing               Defense                  Defense                  
   Ryan O'Reilly            Brayden Schenn           Blake Wheeler            Victor Hedman            Damon Severson           

Last Minutes Defensive
   Center                   Left Wing                Right Wing               Defense                  Defense                  
   Ryan O'Reilly            Casey Cizikas            Blake Wheeler            Victor Hedman            Ryan Graves              

Goaltenders
Starting : Carter Hart              
Backup : Carter Hutton            

Extra Forwards
Normal : Blake Wheeler, Ryan O'Reilly, Brayden Schenn - PP : Casey Cizikas, Martin Frk - PK : Cal Clutterbuck
Extra Defensemen
Normal : Victor Hedman, Damon Severson, Ryan Graves - PP : Radko Gudas - PK : Dylan DeMelo, Victor Mete
Penalty Shots
Ryan Getzlaf, Blake Wheeler, Kevin Labanc, Ryan O'Reilly, Casey Cizikas

Scratches
WSH Cap Hit (Suspend), Sam Bennett (Healthy)

TAMPA BAY

5 vs 5 Forward 
   Center                   Left Wing                Right Wing               Time % Phy DF OF 
 1 Elias Lindholm           Sebastian Aho            Mathew Barzal            35     1   2  2  
 2 Filip Chytil             Filip Forsberg           Viktor Arvidsson         30     1   2  2  
 3 Tyson Jost               Jake Virtanen            Robby Fabbri             25     1   2  2  
 4 David Kampf              Jesper Bratt             Elias Lindholm           10     1   2  2  

5 vs 5 Defense 
   Defense                  Defense                                           Time % Phy DF OF 
 1 Zach Werenski            John Klingberg                                    35     1   2  2  
 2 Rasmus Andersson         Vladislav Gavrikov                                30     1   2  2  
 3 MacKenzie Weegar         Josh Brown                                        25     1   2  2  
 4 Zach Werenski            John Klingberg                                    10     1   2  2  

PowerPlay Forward 
   Center                   Left Wing                Right Wing               Time % Phy DF OF 
 1 Elias Lindholm           Sebastian Aho            Mathew Barzal            60     1   2  2  
 2 Filip Chytil             Filip Forsberg           Viktor Arvidsson         40     1   2  2  

PowerPlay Defense
   Defense                  Defense                                           Time % Phy DF OF 
 1 Zach Werenski            John Klingberg                                    60     1   2  2  
 2 Rasmus Andersson         Vladislav Gavrikov                                40     1   2  2  

Penalty Kill 4 Players Forward 
   Center                   Wing                     Time % Phy DF OF 
 1 Elias Lindholm           Sebastian Aho            60     1   2  2  
 2 Mathew Barzal            Filip Forsberg           40     1   2  2  

Penalty Kill 4 Players Defense
   Defense                  Defense                  Time % Phy DF OF 
 1 Zach Werenski            John Klingberg           60     1   2  2  
 2 Rasmus Andersson         Vladislav Gavrikov       40     1   2  2  

Penalty Kill - 3 Players Forward 
   Forward                                           Time % Phy DF OF 
 1 Elias Lindholm                                    60     1   2  2  
 2 Sebastian Aho                                     40     1   2  2  

Penalty Kill - 3 Players Defense
   Defense                  Defense                  Time % Phy DF OF 
 1 Zach Werenski            John Klingberg           60     1   2  2  
 2 Rasmus Andersson         Vladislav Gavrikov       40     1   2  2  

4 vs 4 Forward 
   Center                   Wing                     Time % Phy DF OF 
 1 Elias Lindholm           Sebastian Aho            60     1   2  2  
 2 Mathew Barzal            Filip Forsberg           40     1   2  2  

4 vs 4 Defense
   Defense                  Defense                  Time % Phy DF OF 
 1 Zach Werenski            John Klingberg           60     1   2  2  
 2 Rasmus Andersson         Vladislav Gavrikov       40     1   2  2  

Last Minutes Offensive
   Center                   Left Wing                Right Wing               Defense                  Defense                  
   Elias Lindholm           Sebastian Aho            Mathew Barzal            Zach Werenski            John Klingberg           

Last Minutes Defensive
   Center                   Left Wing                Right Wing               Defense                  Defense                  
   Elias Lindholm           Sebastian Aho            Mathew Barzal            Zach Werenski            John Klingberg           

Goaltenders
Starting : Pavel Francouz           
Backup : Casey DeSmith            

Extra Forwards
Normal : Sonny Milano, Jake Virtanen, Jesper Bratt - PP : Sonny Milano, Jake Virtanen - PK : Jesper Bratt
Extra Defensemen
Normal : MacKenzie Weegar, Josh Brown, Rasmus Andersson - PP : MacKenzie Weegar - PK : Josh Brown, Rasmus Andersson
Penalty Shots
Elias Lindholm, Sebastian Aho, Mathew Barzal, Filip Forsberg, Viktor Arvidsson

Scratches
Anthony Bitetto (Healthy), TB Cap Hit (Healthy)

% Time on Ice - WASHINGTON

Lines # - Real PCT - Wanted PCT - Time Play
Normal Forward
1 - 33% - 40% - 17:23
2 - 28% - 30% - 14:44
3 - 19% - 15% - 10:06
4 - 19% - 15% - 10:12
Normal Defense
1 - 32% - 45% - 16:56
2 - 34% - 40% - 17:45
3 - 25% - 10% - 12:52
4 - 9% - 5% - 4:52
PP Forward
1 - 47% - 65% - 1:43
2 - 53% - 35% - 1:54
PP Defense
1 - 53% - 65% - 1:54
2 - 47% - 35% - 1:43
PK Forward
1 - 52% - 50% - 1:02
2 - 48% - 50% - 0:57
PK Defense
1 - 52% - 50% - 1:02
2 - 48% - 50% - 0:57
PK3 Forward
1 - 0% - 65%
2 - 0% - 35%
PK3 Defense
1 - 0% - 65%
2 - 0% - 35%
44 Forward
1 - 100% - 65% - 1:59
2 - 0% - 35% - 0:00
44 Defense
1 - 62% - 65% - 1:14
2 - 38% - 35% - 0:45
Last Minute Offensive  - 0:00
Last Minute Defensive  - 0:00
Total
Forward - 60:00
Defense - 60:00

% Time on Ice - TAMPA BAY

Lines # - Real PCT - Wanted PCT - Time Play
Normal Forward
1 - 28% - 35% - 14:30
2 - 33% - 30% - 17:24
3 - 28% - 25% - 14:44
4 - 11% - 10% - 5:47
Normal Defense
1 - 33% - 35% - 17:15
2 - 31% - 30% - 16:16
3 - 31% - 25% - 16:07
4 - 5% - 10% - 2:47
PP Forward
1 - 50% - 60% - 1:00
2 - 50% - 40% - 0:59
PP Defense
1 - 50% - 60% - 0:59
2 - 50% - 40% - 1:00
PK Forward
1 - 64% - 60% - 2:18
2 - 36% - 40% - 1:19
PK Defense
1 - 60% - 60% - 2:10
2 - 40% - 40% - 1:27
PK3 Forward
1 - 69% - 60% - 1:22
2 - 31% - 40% - 0:37
PK3 Defense
1 - 45% - 60% - 0:54
2 - 55% - 40% - 1:05
44 Forward
1 - 0% - 60%
2 - 0% - 40%
44 Defense
1 - 0% - 60%
2 - 0% - 40%
Last Minute Offensive  - 0:00
Last Minute Defensive  - 0:00
Total
Forward - 60:00
Defense - 60:00

Play-by-Play

1st period


0:01 of 1st period - Ryan O'Reilly wins face-off versus Elias Lindholm in neutral zone.
0:06 of 1st period - Shot by Blake Wheeler.
0:06 of 1st period - Stopped by Pavel Francouz without a rebound.
0:07 of 1st period - Filip Chytil wins face-off versus Ryan Getzlaf in TAMPA BAY zone.
0:07 of 1st period - Filip Chytil is hit by Ryan Getzlaf.
0:17 of 1st period - Shot by Filip Forsberg.
0:17 of 1st period - Stopped by Carter Hart without a rebound.
0:18 of 1st period - Martin Frk wins face-off versus Tyson Jost in WASHINGTON zone.
0:18 of 1st period - Martin Frk is hit by Jake Virtanen.
0:26 of 1st period - MacKenzie Weegar is hit by Casey Cizikas.
0:51 of 1st period - Shot by Casey Cizikas.
0:51 of 1st period - Goal by Casey Cizikas - WASHINGTON : 1 - TAMPA BAY : 0.
0:52 of 1st period - Elias Lindholm wins face-off versus Ryan O'Reilly in neutral zone.
0:55 of 1st period - Shot by Sebastian Aho.
0:55 of 1st period - Shot Blocked by Ryan Graves.
1:22 of 1st period - Icing by Zach Werenski.
1:23 of 1st period - Elias Lindholm wins face-off versus Ryan Getzlaf in TAMPA BAY zone.
1:38 of 1st period - Shot by Elias Lindholm.
1:38 of 1st period - Shot Misses the Net.
1:40 of 1st period - Shot by Sebastian Aho.
1:40 of 1st period - Stopped by Carter Hart without a rebound.
1:41 of 1st period - Filip Chytil wins face-off versus Luke Glendening in WASHINGTON zone.
1:53 of 1st period - Filip Forsberg is hit by Victor Hedman and loses puck.
2:18 of 1st period - Shot by Filip Forsberg.
2:18 of 1st period - Shot Misses the Net.
2:43 of 1st period - Minor Penalty to MacKenzie Weegar for Hooking.
2:44 of 1st period - Elias Lindholm wins face-off versus Ryan O'Reilly in TAMPA BAY zone.
2:44 of 1st period - Sebastian Aho is hit by Brayden Schenn and loses puck.
4:01 of 1st period - Icing by Damon Severson.
4:02 of 1st period - Elias Lindholm wins face-off versus Clayton Keller in WASHINGTON zone.
4:05 of 1st period - Shot by Elias Lindholm.
4:05 of 1st period - Goal by Elias Lindholm - WASHINGTON : 1 - TAMPA BAY : 1.
4:06 of 1st period - Ryan Getzlaf wins face-off versus Mathew Barzal in neutral zone.
4:19 of 1st period - Shot by Damon Severson.
4:19 of 1st period - Stopped by Pavel Francouz with a rebound.
4:21 of 1st period - Shot by Damon Severson.
4:21 of 1st period - Goal by Damon Severson - WASHINGTON : 2 - TAMPA BAY : 1.
4:22 of 1st period - Luke Glendening wins face-off versus Tyson Jost in neutral zone.
4:50 of 1st period - Shot by Jake Virtanen.
4:50 of 1st period - Stopped by Carter Hart without a rebound.
4:51 of 1st period - Elias Lindholm wins face-off versus Blake Wheeler in WASHINGTON zone.
5:06 of 1st period - Shot by Elias Lindholm.
5:06 of 1st period - Shot Blocked by Radko Gudas.
5:12 of 1st period - Damon Severson is hit by Sebastian Aho and loses puck.
5:19 of 1st period - John Klingberg is hit by Blake Wheeler and loses puck.
6:19 of 1st period - Icing by Brendan Gallagher.
6:20 of 1st period - Ryan Getzlaf wins face-off versus Filip Chytil in WASHINGTON zone.
6:27 of 1st period - Shot by Brendan Gallagher.
6:27 of 1st period - Deflect By Ryan Getzlaf.
6:27 of 1st period - Goal by Ryan Getzlaf - WASHINGTON : 3 - TAMPA BAY : 1.
6:28 of 1st period - Casey Cizikas wins face-off versus Filip Chytil in neutral zone.
6:56 of 1st period - Shot by Filip Chytil.
6:56 of 1st period - Stopped by Carter Hart with a rebound.
7:29 of 1st period - Shot by Cal Clutterbuck.
7:29 of 1st period - Stopped by Pavel Francouz without a rebound.
7:30 of 1st period - Ryan O'Reilly wins face-off versus Tyson Jost in TAMPA BAY zone.
8:30 of 1st period - Shot by Elias Lindholm.
8:30 of 1st period - Stopped by Carter Hart with a rebound.
8:46 of 1st period - Shot by Jesper Bratt.
8:46 of 1st period - Stopped by Carter Hart without a rebound.
8:47 of 1st period - Elias Lindholm wins face-off versus Ryan Getzlaf in WASHINGTON zone.
9:11 of 1st period - Shot by Elias Lindholm.
9:11 of 1st period - Shot Blocked by Ryan Graves.
9:13 of 1st period - Shot by Elias Lindholm.
9:13 of 1st period - Shot Misses the Net.
9:56 of 1st period - Shot by Filip Chytil.
9:56 of 1st period - Stopped by Carter Hart without a rebound.
9:57 of 1st period - Luke Glendening wins face-off versus Tyson Jost in WASHINGTON zone.
10:25 of 1st period - Icing by John Klingberg.
10:26 of 1st period - Casey Cizikas wins face-off versus Tyson Jost in TAMPA BAY zone.
10:26 of 1st period - Casey Cizikas is hit by John Klingberg.
10:45 of 1st period - Off-side.
10:46 of 1st period - Filip Chytil wins face-off versus Clayton Keller in neutral zone.
11:04 of 1st period - Shot by Clayton Keller.
11:04 of 1st period - Shot Blocked by Vladislav Gavrikov.
11:06 of 1st period - Shot by Radko Gudas.
11:06 of 1st period - Shot Misses the Net.
11:08 of 1st period - Shot by Brendan Gallagher.
11:08 of 1st period - Stopped by Pavel Francouz without a rebound.
11:09 of 1st period - Elias Lindholm wins face-off versus Ryan O'Reilly in TAMPA BAY zone.
12:28 of 1st period - John Klingberg is hit by Radko Gudas and loses puck.
12:33 of 1st period - Shot by Filip Forsberg.
12:33 of 1st period - Deflect By Filip Chytil.
12:33 of 1st period - Shot Misses the Net.
12:35 of 1st period - Shot by Viktor Arvidsson.
12:35 of 1st period - Shot Misses the Net.
12:37 of 1st period - Shot by Zach Werenski.
12:37 of 1st period - Shot Blocked by Radko Gudas.
12:55 of 1st period - Shot by Robby Fabbri.
12:55 of 1st period - Shot Misses the Net.
12:57 of 1st period - Shot by Tyson Jost.
12:57 of 1st period - Shot Misses the Net.
12:59 of 1st period - Shot by Vladislav Gavrikov.
12:59 of 1st period - Shot Misses the Net.
13:01 of 1st period - Shot by Tyson Jost.
13:01 of 1st period - Deflect By Robby Fabbri.
13:01 of 1st period - Stopped by Carter Hart without a rebound.
13:02 of 1st period - Casey Cizikas wins face-off versus David Kampf in WASHINGTON zone.
14:14 of 1st period - Shot by Damon Severson.
14:14 of 1st period - Shot Blocked by Elias Lindholm.
14:16 of 1st period - Shot by Radko Gudas.
14:16 of 1st period - Stopped by Pavel Francouz without a rebound.
14:17 of 1st period - Ryan Getzlaf wins face-off versus Tyson Jost in TAMPA BAY zone.
15:15 of 1st period - Jake Virtanen is hit by Brayden Schenn and loses puck.
15:35 of 1st period - Icing by Blake Wheeler.
15:36 of 1st period - Filip Chytil wins face-off versus Ryan O'Reilly in WASHINGTON zone.
15:46 of 1st period - Viktor Arvidsson is hit by Radko Gudas and loses puck.
17:06 of 1st period - Sebastian Aho is hit by Dylan DeMelo and loses puck.
17:15 of 1st period - Shot by Victor Mete.
17:15 of 1st period - Stopped by Pavel Francouz without a rebound.
17:16 of 1st period - Casey Cizikas wins face-off versus David Kampf in TAMPA BAY zone.
17:23 of 1st period - Shot by Kevin Labanc.
17:23 of 1st period - Stopped by Pavel Francouz without a rebound.
17:24 of 1st period - Ryan Getzlaf wins face-off versus Tyson Jost in TAMPA BAY zone.
17:43 of 1st period - Shot by Brendan Gallagher.
17:43 of 1st period - Stopped by Pavel Francouz without a rebound.
17:44 of 1st period - Ryan O'Reilly wins face-off versus Elias Lindholm in TAMPA BAY zone.
17:47 of 1st period - Shot by Blake Wheeler.
17:47 of 1st period - Stopped by Pavel Francouz without a rebound.
17:48 of 1st period - Brayden Schenn wins face-off versus Filip Chytil in TAMPA BAY zone.
18:27 of 1st period - Shot by Blake Wheeler.
18:27 of 1st period - Shot Misses the Net.
18:29 of 1st period - Shot by Victor Hedman.
18:29 of 1st period - Stopped by Pavel Francouz without a rebound.
18:30 of 1st period - Elias Lindholm wins face-off versus Ryan Getzlaf in TAMPA BAY zone.
18:52 of 1st period - Icing by Zach Werenski.
18:53 of 1st period - Casey Cizikas wins face-off versus Elias Lindholm in TAMPA BAY zone.
18:54 of 1st period - Shot by Kevin Labanc.
18:54 of 1st period - Shot Misses the Net.
18:56 of 1st period - Shot by Martin Frk.
18:56 of 1st period - Stopped by Pavel Francouz without a rebound.
18:57 of 1st period - Casey Cizikas wins face-off versus Tyson Jost in TAMPA BAY zone.
18:57 of 1st period - Victor Hedman is hit by Josh Brown and loses puck.
19:01 of 1st period - Casey Cizikas is hit by Josh Brown and loses puck.
19:07 of 1st period - Kevin Labanc is hit by MacKenzie Weegar and loses puck.
19:16 of 1st period - Shot by Kevin Labanc.
19:16 of 1st period - Stopped by Pavel Francouz without a rebound.
19:17 of 1st period - Ryan O'Reilly wins face-off versus Elias Lindholm in TAMPA BAY zone.
19:26 of 1st period - Damon Severson is hit by Sebastian Aho and loses puck.
19:30 of 1st period - Icing by Damon Severson.
19:31 of 1st period - Ryan O'Reilly wins face-off versus Filip Chytil in WASHINGTON zone.
19:43 of 1st period - Icing by Josh Brown.
19:44 of 1st period - Filip Chytil wins face-off versus Ryan Getzlaf in TAMPA BAY zone.
Goals for this period are 3 for WASHINGTON vs 1 for TAMPA BAY.
Shots for this period are 15 for WASHINGTON vs 9 for TAMPA BAY.

2nd period


0:01 of 2nd period - Ryan O'Reilly wins face-off versus Sebastian Aho in neutral zone.
0:20 of 2nd period - Shot by Ryan O'Reilly.
0:20 of 2nd period - Shot Blocked by Zach Werenski.
0:22 of 2nd period - Shot by Ryan O'Reilly.
0:22 of 2nd period - Deflect By Brayden Schenn.
0:22 of 2nd period - Shot Misses the Net.
0:24 of 2nd period - Shot by Blake Wheeler.
0:24 of 2nd period - Shot Misses the Net.
1:19 of 2nd period - Shot by Tyson Jost.
1:19 of 2nd period - Stopped by Carter Hart without a rebound.
1:20 of 2nd period - Filip Chytil wins face-off versus Casey Cizikas in WASHINGTON zone.
1:23 of 2nd period - Shot by Viktor Arvidsson.
1:23 of 2nd period - Shot Misses the Net.
1:25 of 2nd period - Shot by Filip Forsberg.
1:25 of 2nd period - Stopped by Carter Hart with a rebound.
1:39 of 2nd period - MacKenzie Weegar and Casey Cizikas fight to a draw.
1:39 of 2nd period - Penalty to MacKenzie Weegar for Fighting.
1:39 of 2nd period - Penalty to Casey Cizikas for Fighting.
1:39 of 2nd period - Josh Brown and Dylan DeMelo fight to a draw.
1:39 of 2nd period - Penalty to Josh Brown for Fighting.
1:39 of 2nd period - Penalty to Dylan DeMelo for Fighting.
1:39 of 2nd period - Minor Penalty to Filip Forsberg for Roughing.
1:39 of 2nd period - Minor Penalty to Kevin Labanc for Slashing.
1:39 of 2nd period - Minor Penalty to Viktor Arvidsson for Hooking.
1:40 of 2nd period - Ryan O'Reilly wins face-off versus Elias Lindholm in TAMPA BAY zone.
2:34 of 2nd period - Icing by Christian Fischer.
2:35 of 2nd period - Sebastian Aho wins face-off versus Brayden Schenn in WASHINGTON zone.
2:59 of 2nd period - Shot by Brayden Schenn.
2:59 of 2nd period - Stopped by Pavel Francouz without a rebound.
3:00 of 2nd period - Ryan O'Reilly wins face-off versus Sebastian Aho in TAMPA BAY zone.
3:03 of 2nd period - Shot by Blake Wheeler.
3:03 of 2nd period - Shot Misses the Net.
3:05 of 2nd period - Shot by Ryan O'Reilly.
3:05 of 2nd period - Shot Misses the Net.
3:07 of 2nd period - Shot by Ryan O'Reilly.
3:07 of 2nd period - Shot Misses the Net.
3:25 of 2nd period - Shot by Ryan O'Reilly.
3:25 of 2nd period - Stopped by Pavel Francouz without a rebound.
3:26 of 2nd period - Ryan O'Reilly wins face-off versus Elias Lindholm in TAMPA BAY zone.
3:33 of 2nd period - Shot by Ryan O'Reilly.
3:33 of 2nd period - Stopped by Pavel Francouz without a rebound.
3:34 of 2nd period - Elias Lindholm wins face-off versus Ryan O'Reilly in TAMPA BAY zone.
5:00 of 2nd period - Shot by Mathew Barzal.
5:00 of 2nd period - Shot Misses the Net.
5:02 of 2nd period - Shot by Mathew Barzal.
5:02 of 2nd period - Shot Misses the Net.
5:36 of 2nd period - Shot by Cal Clutterbuck.
5:36 of 2nd period - Stopped by Pavel Francouz without a rebound.
5:37 of 2nd period - Luke Glendening wins face-off versus David Kampf in TAMPA BAY zone.
6:10 of 2nd period - Shot by Victor Mete.
6:10 of 2nd period - Stopped by Pavel Francouz with a rebound.
6:35 of 2nd period - Clayton Keller is hit by Zach Werenski.
6:52 of 2nd period - Shot by Clayton Keller.
6:52 of 2nd period - Stopped by Pavel Francouz without a rebound.
6:53 of 2nd period - Tyson Jost wins face-off versus Ryan O'Reilly in TAMPA BAY zone.
6:53 of 2nd period - Tyson Jost is hit by Blake Wheeler.
6:59 of 2nd period - Shot by Robby Fabbri.
6:59 of 2nd period - Shot Misses the Net.
7:01 of 2nd period - Shot by Jake Virtanen.
7:01 of 2nd period - Deflect By Robby Fabbri.
7:01 of 2nd period - Shot Blocked by Victor Mete.
7:45 of 2nd period - Filip Forsberg is hit by Dylan DeMelo and loses puck.
7:48 of 2nd period - Shot by Filip Chytil.
7:48 of 2nd period - Stopped by Carter Hart without a rebound.
7:49 of 2nd period - Ryan Getzlaf wins face-off versus Filip Chytil in WASHINGTON zone.
9:22 of 2nd period - Shot by Mathew Barzal.
9:22 of 2nd period - Stopped by Carter Hart without a rebound.
9:23 of 2nd period - Elias Lindholm wins face-off versus Casey Cizikas in WASHINGTON zone.
9:30 of 2nd period - Shot by Mathew Barzal.
9:30 of 2nd period - Shot Blocked by Damon Severson.
9:34 of 2nd period - Shot by Sebastian Aho.
9:34 of 2nd period - Shot Blocked by Damon Severson.
9:54 of 2nd period - Shot by Elias Lindholm.
9:54 of 2nd period - Stopped by Carter Hart without a rebound.
9:55 of 2nd period - Filip Chytil wins face-off versus Ryan O'Reilly in WASHINGTON zone.
10:08 of 2nd period - Filip Forsberg is hit by Blake Wheeler and loses puck.
10:57 of 2nd period - Icing by Viktor Arvidsson.
10:58 of 2nd period - Casey Cizikas wins face-off versus Filip Chytil in TAMPA BAY zone.
12:23 of 2nd period - Shot by Brendan Gallagher.
12:23 of 2nd period - Shot Misses the Net.
12:25 of 2nd period - Shot by Clayton Keller.
12:25 of 2nd period - Deflect By Brendan Gallagher.
12:25 of 2nd period - Shot Blocked by Elias Lindholm.
12:39 of 2nd period - Shot by Blake Wheeler.
12:39 of 2nd period - Stopped by Pavel Francouz with a rebound.
12:41 of 2nd period - Shot by Victor Mete.
12:41 of 2nd period - Stopped by Pavel Francouz without a rebound.
12:42 of 2nd period - Robby Fabbri wins face-off versus Christian Fischer in TAMPA BAY zone.
12:42 of 2nd period - Robby Fabbri is hit by Christian Fischer.
13:00 of 2nd period - Shot by Christian Fischer.
13:00 of 2nd period - Stopped by Pavel Francouz without a rebound.
13:01 of 2nd period - Ryan O'Reilly wins face-off versus Tyson Jost in TAMPA BAY zone.
13:28 of 2nd period - MacKenzie Weegar is hit by Brayden Schenn and loses puck.
13:53 of 2nd period - Minor Penalty to Jake Virtanen for Holding.
13:54 of 2nd period - Ryan Getzlaf wins face-off versus Elias Lindholm in TAMPA BAY zone.
14:03 of 2nd period - Shot by Damon Severson.
14:03 of 2nd period - Deflect By Clayton Keller.
14:03 of 2nd period - Shot Misses the Net.
15:49 of 2nd period - Shot by Victor Hedman.
15:49 of 2nd period - Shot Misses the Net.
15:58 of 2nd period - Clayton Keller is hit by MacKenzie Weegar and loses puck.
16:07 of 2nd period - Shot by Filip Chytil.
16:07 of 2nd period - Stopped by Carter Hart with a rebound.
16:39 of 2nd period - Shot by Robby Fabbri.
16:39 of 2nd period - Shot Misses the Net.
16:57 of 2nd period - Damon Severson is hit by Jake Virtanen and loses puck.
17:05 of 2nd period - Jake Virtanen is hit by Radko Gudas and loses puck.
18:16 of 2nd period - Off-side.
18:17 of 2nd period - Brayden Schenn wins face-off versus Tyson Jost in neutral zone.
18:48 of 2nd period - Shot by Brayden Schenn.
18:48 of 2nd period - Goal by Brayden Schenn - WASHINGTON : 4 - TAMPA BAY : 1.
18:49 of 2nd period - Filip Chytil wins face-off versus Ryan Getzlaf in neutral zone.
18:52 of 2nd period - Shot by Viktor Arvidsson.
18:52 of 2nd period - Shot Hit the Post.
19:02 of 2nd period - Shot by Ryan Getzlaf.
19:02 of 2nd period - Stopped by Pavel Francouz without a rebound.
19:03 of 2nd period - Elias Lindholm wins face-off versus Luke Glendening in TAMPA BAY zone.
19:22 of 2nd period - Shot by Mathew Barzal.
19:22 of 2nd period - Goal by Mathew Barzal - WASHINGTON : 4 - TAMPA BAY : 2.
19:23 of 2nd period - Ryan O'Reilly wins face-off versus Filip Chytil in neutral zone.
19:49 of 2nd period - Shot by Blake Wheeler.
19:49 of 2nd period - Deflect By Brayden Schenn.
19:49 of 2nd period - Shot Misses the Net.
19:51 of 2nd period - Shot by Ryan O'Reilly.
19:51 of 2nd period - Deflect By Brayden Schenn.
19:51 of 2nd period - Stopped by Pavel Francouz with a rebound.
19:53 of 2nd period - Shot by Brayden Schenn.
19:53 of 2nd period - Deflect By Blake Wheeler.
19:53 of 2nd period - Stopped by Pavel Francouz without a rebound.
19:54 of 2nd period - Elias Lindholm wins face-off versus Ryan Getzlaf in TAMPA BAY zone.
Goals for this period are 1 for WASHINGTON vs 1 for TAMPA BAY.
Shots for this period are 13 for WASHINGTON vs 7 for TAMPA BAY.

3rd period


0:01 of 3rd period - Ryan O'Reilly wins face-off versus Elias Lindholm in neutral zone.
0:15 of 3rd period - Icing by Sebastian Aho.
0:16 of 3rd period - Ryan Getzlaf wins face-off versus Elias Lindholm in TAMPA BAY zone.
0:40 of 3rd period - Shot by Clayton Keller.
0:40 of 3rd period - Shot Blocked by John Klingberg.
0:42 of 3rd period - Shot by Ryan Getzlaf.
0:42 of 3rd period - Shot Blocked by John Klingberg.
0:44 of 3rd period - Shot by Damon Severson.
0:44 of 3rd period - Stopped by Pavel Francouz without a rebound.
0:45 of 3rd period - Ryan O'Reilly wins face-off versus Tyson Jost in TAMPA BAY zone.
1:15 of 3rd period - Shot by Ryan O'Reilly.
1:15 of 3rd period - Deflect By Brayden Schenn.
1:15 of 3rd period - Shot Blocked by Rasmus Andersson.
2:11 of 3rd period - Shot by Filip Forsberg.
2:11 of 3rd period - Stopped by Carter Hart without a rebound.
2:12 of 3rd period - Ryan Getzlaf wins face-off versus Elias Lindholm in WASHINGTON zone.
2:22 of 3rd period - Victor Mete is hit by MacKenzie Weegar.
2:27 of 3rd period - Off-side.
2:28 of 3rd period - David Kampf wins face-off versus Casey Cizikas in neutral zone.
2:52 of 3rd period - Martin Frk is hit by Elias Lindholm and loses puck.
3:15 of 3rd period - Icing by Victor Hedman.
3:16 of 3rd period - Casey Cizikas wins face-off versus Filip Chytil in WASHINGTON zone.
4:04 of 3rd period - Blake Wheeler is hit by Rasmus Andersson and loses puck.
4:19 of 3rd period - Shot by Brayden Schenn.
4:19 of 3rd period - Shot Misses the Net.
4:28 of 3rd period - Icing by Vladislav Gavrikov.
4:29 of 3rd period - Ryan Getzlaf wins face-off versus Filip Chytil in TAMPA BAY zone.
5:44 of 3rd period - Shot by Cal Clutterbuck.
5:44 of 3rd period - Goal by Cal Clutterbuck - WASHINGTON : 5 - TAMPA BAY : 2.
5:45 of 3rd period - Tyson Jost wins face-off versus Ryan O'Reilly in neutral zone.
5:55 of 3rd period - Icing by Victor Hedman.
5:56 of 3rd period - Tyson Jost wins face-off versus Ryan O'Reilly in WASHINGTON zone.
6:18 of 3rd period - Icing by Victor Hedman.
6:19 of 3rd period - Ryan O'Reilly wins face-off versus David Kampf in WASHINGTON zone.
7:17 of 3rd period - Shot by Brendan Gallagher.
7:17 of 3rd period - Goal by Brendan Gallagher - WASHINGTON : 6 - TAMPA BAY : 2.
7:18 of 3rd period - Luke Glendening wins face-off versus Tyson Jost in neutral zone.
8:29 of 3rd period - Shot by Casey Cizikas.
8:29 of 3rd period - Shot Misses the Net.
8:31 of 3rd period - Shot by Radko Gudas.
8:31 of 3rd period - Shot Misses the Net.
8:33 of 3rd period - Shot by Damon Severson.
8:33 of 3rd period - Stopped by Pavel Francouz without a rebound.
8:34 of 3rd period - Ryan O'Reilly wins face-off versus Elias Lindholm in TAMPA BAY zone.
9:01 of 3rd period - Shot by Mathew Barzal.
9:01 of 3rd period - Stopped by Carter Hart without a rebound.
9:02 of 3rd period - Filip Chytil wins face-off versus Ryan Getzlaf in WASHINGTON zone.
9:09 of 3rd period - Shot by Filip Forsberg.
9:09 of 3rd period - Shot Blocked by Victor Mete.
9:12 of 3rd period - Minor Penalty to Victor Mete for Unsportsmanlike conduct.
9:13 of 3rd period - Luke Glendening wins face-off versus Filip Chytil in WASHINGTON zone.
9:13 of 3rd period - Luke Glendening is hit by Filip Forsberg.
9:47 of 3rd period - Shot by Filip Chytil.
9:47 of 3rd period - Deflect By Viktor Arvidsson.
9:47 of 3rd period - Stopped by Carter Hart without a rebound.
9:48 of 3rd period - Ryan O'Reilly wins face-off versus Elias Lindholm in WASHINGTON zone.
10:27 of 3rd period - Shot by Ryan O'Reilly.
10:27 of 3rd period - Deflect By Casey Cizikas.
10:27 of 3rd period - Stopped by Pavel Francouz with a rebound.
11:28 of 3rd period - Off-side.
11:29 of 3rd period - Ryan Getzlaf wins face-off versus Tyson Jost in neutral zone.
11:48 of 3rd period - Ryan Getzlaf is hit by Jake Virtanen and loses puck.
11:59 of 3rd period - Shot by Jake Virtanen.
11:59 of 3rd period - Stopped by Carter Hart without a rebound.
12:00 of 3rd period - Filip Chytil wins face-off versus Luke Glendening in WASHINGTON zone.
12:56 of 3rd period - Shot by Mathew Barzal.
12:56 of 3rd period - Shot Misses the Net.
13:06 of 3rd period - Shot by Sebastian Aho.
13:06 of 3rd period - Shot Misses the Net.
13:08 of 3rd period - Shot by Elias Lindholm.
13:08 of 3rd period - Shot Misses the Net.
14:11 of 3rd period - Icing by Zach Werenski.
14:12 of 3rd period - Ryan Getzlaf wins face-off versus Tyson Jost in TAMPA BAY zone.
14:12 of 3rd period - Ryan Getzlaf is hit by Zach Werenski.
14:26 of 3rd period - Ryan Getzlaf is hit by Jake Virtanen and loses puck.
15:00 of 3rd period - Icing by Filip Forsberg.
15:01 of 3rd period - Ryan O'Reilly wins face-off versus Filip Forsberg in TAMPA BAY zone.
15:30 of 3rd period - Shot by Blake Wheeler.
15:30 of 3rd period - Stopped by Pavel Francouz without a rebound.
15:31 of 3rd period - Casey Cizikas wins face-off versus Elias Lindholm in TAMPA BAY zone.
15:31 of 3rd period - Casey Cizikas is hit by Vladislav Gavrikov.
15:39 of 3rd period - Shot by Martin Frk.
15:39 of 3rd period - Stopped by Pavel Francouz without a rebound.
15:40 of 3rd period - Ryan Getzlaf wins face-off versus Elias Lindholm in TAMPA BAY zone.
15:52 of 3rd period - Elias Lindholm is hit by Dylan DeMelo and loses puck.
15:58 of 3rd period - Elias Lindholm is hit by Dylan DeMelo and loses puck.
16:15 of 3rd period - Shot by Sebastian Aho.
16:15 of 3rd period - Stopped by Carter Hart without a rebound.
16:16 of 3rd period - Ryan O'Reilly wins face-off versus Tyson Jost in WASHINGTON zone.
17:25 of 3rd period - Shot by Filip Forsberg.
17:25 of 3rd period - Deflect By Viktor Arvidsson.
17:25 of 3rd period - Stopped by Carter Hart without a rebound.
17:26 of 3rd period - Elias Lindholm wins face-off versus Ryan Getzlaf in WASHINGTON zone.
17:30 of 3rd period - Icing by Radko Gudas.
17:31 of 3rd period - Mathew Barzal wins face-off versus Ryan Getzlaf in WASHINGTON zone.
17:45 of 3rd period - Icing by Radko Gudas.
17:46 of 3rd period - Ryan Getzlaf wins face-off versus Filip Chytil in WASHINGTON zone.
18:05 of 3rd period - Shot by Clayton Keller.
18:05 of 3rd period - Stopped by Pavel Francouz without a rebound.
18:06 of 3rd period - Casey Cizikas wins face-off versus Elias Lindholm in TAMPA BAY zone.
18:10 of 3rd period - Icing by Sebastian Aho.
18:11 of 3rd period - Casey Cizikas wins face-off versus Elias Lindholm in TAMPA BAY zone.
18:11 of 3rd period - Casey Cizikas is hit by Zach Werenski.
18:15 of 3rd period - Shot by Kevin Labanc.
18:15 of 3rd period - Shot Misses the Net.
18:30 of 3rd period - Casey Cizikas is hit by Zach Werenski and loses puck.
18:42 of 3rd period - Icing by Dylan DeMelo.
18:43 of 3rd period - Casey Cizikas wins face-off versus Filip Chytil in WASHINGTON zone.
18:43 of 3rd period - Casey Cizikas is hit by Filip Forsberg.
19:23 of 3rd period - Shot by Damon Severson.
19:23 of 3rd period - Stopped by Pavel Francouz without a rebound.
19:24 of 3rd period - Elias Lindholm wins face-off versus Brendan Gallagher in TAMPA BAY zone.
19:24 of 3rd period - Elias Lindholm is hit by Brendan Gallagher.
19:54 of 3rd period - Shot by Sebastian Aho.
19:54 of 3rd period - Stopped by Carter Hart without a rebound.
19:55 of 3rd period - Ryan O'Reilly wins face-off versus Tyson Jost in WASHINGTON zone.
Goals for this period are 2 for WASHINGTON vs 0 for TAMPA BAY.
Shots for this period are 9 for WASHINGTON vs 7 for TAMPA BAY.